 Dungeon Crawl Stone Soup version 0.18.1-5-g4a78601 (webtiles) character file.

36 SkaryMonk the Chopper (level 3, -1/29 HPs)
             Began as a Formicid Abyssal Knight on May 9, 2016.
             Was a Believer of Lugonu.
             Slain by Ijyb (3 damage)
             ... on level 2 of the Dungeon.
             The game lasted 00:03:33 (967 turns).

SkaryMonk the Chopper (Formicid Abyssal Knight)      Turns: 967, Time: 00:03:34

Health: -1/29      AC:  3    Str: 16 (17) XL:     3   Next: 57%
Magic:  3/4        EV: 11    Int:  8 (11) God:    Lugonu [**....]
Gold:   116        SH:  0    Dex:  8 (10) Spells: 0 memorised, 2 levels left

rFire  . . .     SeeInvis +     a - +1 hand axe
rCold  . . .     Gourm    .     b - +0 leather armour
rNeg   . . .     Faith    .     (no shield)
rPois  .         Spirit   .     (helmet unavailable)
rElec  .         Dismiss  .     (no cloak)
rCorr  .         Reflect  .     (no gloves)
SustAt .         Harm     .     (no boots)
MR     .....                    (no amulet)
Stlth  +.........               (no ring)
                                (no ring)

@: lethally poisoned (-1 -> -7), flying, not resistant to hostile enchantments,
very unstealthy
A: permanent stasis, dig shafts and tunnels, four strong arms, antennae 3
a: Dig, Shaft Self, Depart the Abyss, Bend Space, Renounce Religion


You were on level 2 of the Dungeon.
You worshipped Lugonu.
Lugonu was pleased with you.
You were not hungry.

You visited 1 branch of the dungeon, and saw 2 of its levels.
You visited the Abyss 1 time.

You collected 116 gold pieces.

Notes
Turn   | Place    | Note
--------------------------------------------------------------
     0 | Abyss:1  | SkaryMonk the Formicid Abyssal Knight began the quest for the Orb.
     0 | Abyss:1  | Reached XP level 1. HP: 18/18 MP: 2/2
    15 | D:1      | Escaped the Abyss
   148 | D:1      | Reached XP level 2. HP: 24/24 MP: 3/3
   267 | D:1      | Reached ** piety under Lugonu
   534 | D:1      | Reached XP level 3. HP: 24/29 MP: 4/4
   883 | D:2      | Found a glowing silver altar of Zin.
   884 | D:2      | Found an opulent altar of Gozag.
   952 | D:2      | Noticed Ijyb
   967 | D:2      | Slain by Ijyb

Inventory:

Hand Weapons
 a - a +1 hand axe (weapon)
Armour
 b - a +0 leather armour (worn)
 d - a +0 ring mail
Jewellery
 f - an uncursed ring of positive energy {unknown}
Scrolls
 e - 2 scrolls of amnesia {unknown}
 h - a scroll of enchant weapon {unknown}
 i - a scroll of recharging {unknown}
 j - a scroll of enchant armour {unknown}
 k - a scroll of identify {unknown}
 l - a scroll of remove curse {unknown}
Comestibles
 c - a bread ration

Table legend:
 A = Turns spent in this place as a percentage of turns spent in the entire game.
 B = Non-inter-level travel turns spent in this place as a percentage of non-inter-level travel turns spent in the entire game.
 C = Inter-level travel turns spent in this place as a percentage of turns spent in this place.
 D = Turns resting spent in this place as a percentage of non-inter-level travel turns spent in this place.
 E = Turns spent auto-exploring this place as a percentage of non-inter-level travel turns spent in this place.
 F = Non-inter-level travel turns spent in this place divided by the number of levels of this place that you've seen.
                   A       B       C       D       E      F
               +-------+-------+-------+-------+-------+----------------------
         Total | 100.0 | 100.0 |   0.4 |   0.9 |  17.0 |  78.3
       Dungeon |  96.6 |  96.6 |   0.4 |   0.9 |  17.2 | 113.5
         Abyss |   3.4 |   3.4 |   0.0 |   0.0 |  12.5 |   8.0
               +-------+-------+-------+-------+-------+----------------------


   Skills:
 - Level 3.2 Fighting
 + Level 3.7 Axes
 - Level 2.1 Armour
 - Level 0.8 Dodging
 - Level 2.1 Invocations


You had 2 spell levels left.
You didn't know any spells.

Dungeon Overview and Level Annotations

Branches:
Dungeon (2/15)

Altars:
Gozag
Zin

Annotations:
D:2 Ijyb


Innate Abilities, Weirdness & Mutations

You are under a permanent stasis effect.
You can dig through walls and to a lower floor.
Your four strong arms can wield two-handed weapons with a shield.
You have a pair of large antennae on your head (SInv).


Message History

You hit the adder.
You kill the adder!
Lugonu accepts your kill. Ijyb screams, "I cut your head off!"
* * * LOW HITPOINT WARNING * * *
You feel sick.
You see here an adder corpse.
You hit Ijyb.
Ijyb is lightly wounded.
* * * LOW HITPOINT WARNING * * *
You feel sick. Ijyb closely misses you. x2
You hit Ijyb.
Ijyb is lightly wounded.
Ijyb hits you.
* * * LOW HITPOINT WARNING * * *
You barely miss Ijyb.
Ijyb is lightly wounded.
* * * LOW HITPOINT WARNING * * *
You feel sick. Ijyb hits you.
You die...

#........ #..⌠...
#....# #...########.#
#............#
#.)....###.#.# #....#.#
#g...#.# #@...#.#
#....#.# #.#....#.#
#........#####
###....##....#
############.##.#
#.............#.#
#######.#############.#
...............# #.#


You could see Ijyb.

Table legend:
 A = Kills in this place as a percentage of kills in entire the game.
 B = Kills by you in this place as a percentage of kills by you in the entire game.
 C = Kills by friends in this place as a percentage of kills by friends in the entire game.
 D = Other kills in this place as a percentage of other kills in the entire game.
 E = Experience gained in this place as a percentage of experience gained in the entire game.
 F = Experience gained in this place divided by the number of levels of this place that you have seen.
                   A       B       C       D       E      F
               +-------+-------+-------+-------+-------+----------------------
         Total | 100.0 | 100.0 |  -nan |  -nan | 100.0 |  17.3
       Dungeon | 100.0 | 100.0 |  -nan |  -nan | 100.0 |  26.0
               +-------+-------+-------+-------+-------+----------------------

Vanquished Creatures
  An adder (D:2)
  A giant gecko (D:1)
  3 bats (D:1)
  4 giant cockroaches (D:1)
  A goblin (D:1)
  4 hobgoblins
  7 kobolds
  3 rats (D:1)
24 creatures vanquished.

Action                   || total
-------------------------++-------
Melee: Hand axe          ||    62
Invok: Bend Space        ||     1
  Use: Potion            ||     2
Armor: Leather armour    ||    13
Dodge: Dodged            ||    43

Vault maps used:
D:1:      dpeg_arrival_round_b, minmay_liquid_box
D:2:      grunt_temple_overflow_gold_and_silver, kiku_gazebo_pond_becter,
          grunt_temple_overflow_open, serial_undead, serial_undead_f,
          serial_undead_c, serial_undead_c, serial_undead_a, uniq_iyjb
